 Dungeon Crawl Stone Soup version 0.31-a0-145-g046c7d2549 (webtiles) character file.

Game seed: 15512965917384181732

1316 mopl the Carver (level 8, -1/64 HPs)
             Began as a Merfolk Fighter on June 5, 2023.
             Slain by Pikel
             ... wielding a +1 whip of electrocution
              (4 damage)
             ... on level 4 of the Dungeon.
             The game lasted 00:09:25 (4604 turns).

mopl the Carver (Merfolk Fighter)                   Turns: 4604, Time: 00:09:27

Health: -1/64      AC: 13    Str: 18    XL:     8   Next: 59%
Magic:  8/8        EV: 10    Int: 14    God:
Gold:   50         SH:  8    Dex: 13    Spells: 7/7 levels left

rFire   + . .        a - +0 long sword
rCold   . . .        B - +0 kite shield
rNeg    . . .        t - +1 scale mail {rF+}
rPois   .            (no helmet)
rElec   .            D - +0 cloak
rCorr   .            h - +2 pair of gloves
SInv    .            j - +0 pair of boots
Will    .....        (no amulet) Stlth
                     g - +6 ring of intelligence
HPRegen 0.30/turn    (no ring)
MPRegen 0.11/turn

%: no passive effects
@: no status effects
A: (nimble swimmer 2), mertail
a: no special abilities


You were on level 4 of the Dungeon.
You visited 1 branch of the dungeon, and saw 5 of its levels.

You collected 244 gold pieces.
You spent 194 gold pieces at shops.

Inventory:

Hand Weapons
 a - a +0 long sword (weapon)
Missiles
 d - a throwing net
 p - 6 poisoned darts (quivered)
 u - 6 boomerangs
 x - 2 curare-tipped darts
Armour
 h - a +2 pair of gloves (worn)
 j - a +0 pair of boots (worn)
 t - a +1 scale mail of fire resistance (worn)
 B - a +0 kite shield (worn)
 D - a +0 cloak (worn)
Jewellery
 g - a +6 ring of intelligence (left hand)
Scrolls
 e - a scroll of amnesia {unknown}
 f - 2 scrolls of enchant weapon {unknown}
 m - 2 scrolls of fear
 n - a scroll of magic mapping {unknown}
 q - a scroll of butterflies {unknown}
 s - 3 scrolls of fog {unknown}
 v - a scroll of immolation {unknown}
 w - a scroll of acquirement {unknown}
 y - 2 scrolls of noise {unknown}
 A - 2 scrolls of teleportation {unknown}
Potions
 b - 2 potions of might
 c - a potion of magic {unknown}
 i - a potion of brilliance
 k - 2 potions of enlightenment
 l - 5 potions of curing
 o - 2 potions of mutation {unknown}
 r - 2 potions of resistance {unknown}
 C - 2 potions of haste


   Skills:
 + Level 5.8 Fighting
 * Level 8.0 Long Blades
 + Level 1.0 Throwing
 + Level 4.0 Armour
 + Level 5.7 Dodging
 - Level 3.0 Shields


You had 7 spell levels left.
You didn't know any spells.
Your spell library contained the following spells:

 Spells                   Type           Power      Damage    Failure   Level
 Sandblast                Erth           0%         2d4       94%         1
 Passwall                 Tmut/Erth      0%         N/A       98%         2
 Call Canine Familiar     Summ           0%         N/A       100%        3
 Portal Projectile        Hex/Tloc       0%         N/A       100%        3
 Stone Arrow              Conj/Erth      0%         3d7       100%        3
 Animate Armour           Summ/Erth      0%         N/A       100%        4
 Leda's Liquefaction      Hex/Erth       0%         N/A       100%        4
 Lee's Rapid Deconstruct  Erth           0%         3d4*      100%        5
 Leda's Unmaking          Conj/Erth      0%         9d1       100%        6
 Statue Form              Tmut/Erth      0%         N/A       100%        6
 Lehudib's Crystal Spear  Conj/Erth      0%         10d2      100%        8


Dungeon Overview and Level Annotations

Branches:
Dungeon (5/15)
 Temple: D:4-7

Altars:
Elyvilon

Shops:
D:2 *([*

Annotations:
D:4 3 runed translucent doors, Pikel; nago's ghost, novice DjWn


Innate Abilities, Weirdness & Mutations

((You are very nimble when in or above water. (Stealth+, EV+, Speed+++)))
Your lower body shifts to a powerful aquatic tail in water.


Message History

Pikel is moderately wounded.
Pikel waves his whip at you. Pikel hits you but does no damage.
You hit Pikel.
Pikel is moderately wounded.
Pikel barely misses you.
You hit Pikel.
Pikel is heavily wounded.
Pikel closely misses you.
Pikel hits you with a +1 whip of electrocution.
You hit Pikel.
Pikel is severely wounded.
Pikel says, "Asmodeus and me are pals.
He gave me this whip."
You block Pikel's attack.
You completely miss Pikel.
Pikel is severely wounded.
Pikel hits you but does no damage.
You hit Pikel.
Pikel is severely wounded.
Pikel hits you but does no damage.
You are electrocuted!
You miss Pikel.
Pikel is severely wounded.
Pikel hits you with a +1 whip of electrocution.
You are electrocuted!
* * * LOW HITPOINT WARNING * * *
You hit Pikel.
Pikel is severely wounded.
You block Pikel's attack.
You closely miss Pikel.
Pikel is severely wounded.
Pikel says, "You'll make a fine lemure."
Pikel barely misses you.
You hit Pikel but do no damage.
Pikel is severely wounded.
Pikel hits you with a +1 whip of electrocution.
* * * LOW HITPOINT WARNING * * *
You are electrocuted!
* * * LOW HITPOINT WARNING * * *
Pikel hits you with a +1 whip of electrocution.
You die...

# ######.####..## #
#...##.####..#
##########.........†..#
............[#######..#
############## #..# #..#
#..# ############..#
#......K@.....#
#########.##########.##
........#.........##.####
#######.#########.##....#
#######.# #.#####.#
#...).#.# #.# #.#
#.###.#.# #.# #.# #.#
#.#.# #.# #.# #.# #.#.#
#.# #.#


You could see Pikel.

Vanquished Creatures
  Sigmund (D:5)
  Eustachio (D:5)
  Menkaure (D:4)
  Duvessa (D:5)
  3 black bears
  An ogre (D:4)
  A lemure (D:4)
  Dowan (D:5)
  A hound (D:5)
  3 orc priests
  2 jellies (D:4)
  An iguana (D:5)
  An orc wizard (D:4)
  4 gnolls (D:2)
  6 adders
  A worm (D:2)
  2 dart slugs (D:3)
  9 orcs
  10 ball pythons
  4 endoplasms
  A giant cockroach (D:4)
  5 goblins
  6 hobgoblins
  3 jackals (D:1)
  5 quokkas
  4 bats
  5 frilled lizards
  6 kobolds
  7 rats
96 creatures vanquished.

Notes
Turn   | Place    | Note
-------+----------+-------------------------------------------
     0 | D:1      | mopl the Merfolk Fighter began the quest for the Orb.
     0 | D:1      | Reached XP level 1. HP: 18/18 MP: 1/1
    72 | D:1      | Reached XP level 2. HP: 19/24 MP: 2/2
   151 | D:1      | Reached skill level 3 in Long Blades
   151 | D:1      | Reached skill level 1 in Dodging
   488 | D:1      | Reached XP level 3. HP: 29/29 MP: 3/3
   727 | D:2      | Found Kuqixtac's Assorted Antiques.
   746 | D:2      | Bought a glowing dark potion for 26 gold pieces
   883 | D:2      | Found Jeqossyvu's Antique Weapon Shop.
   895 | D:2      | Found Ygexirch's General Store.
   926 | D:2      | Found Ychy's Armour Emporium.
   978 | D:2      | Reached XP level 4. HP: 37/37 MP: 4/4
  1051 | D:2      | Identified the staff of fire "Icha" {*Slow rElec rF+ rCorr
                  | Dex+3}
  1563 | D:2      | Bought a pink potion for 26 gold pieces
  1563 | D:2      | Bought a scroll labelled DUOJESAROO for 29 gold pieces
  1604 | D:3      | Found a white marble altar of Elyvilon.
  1722 | D:2      | Bought a scroll labelled TUAVAP NIYTZ for 29 gold pieces
  1881 | D:2      | Reached skill level 2 in Dodging
  1902 | D:2      | Reached skill level 4 in Long Blades
  2080 | D:3      | Reached XP level 5. HP: 42/42 MP: 5/5
  2320 | D:3      | Reached skill level 4 in Fighting
  2471 | D:4      | Noticed a black bear
  2565 | D:2      | Bought a scroll of identify for 28 gold pieces
  2565 | D:2      | Bought a scroll of fear for 56 gold pieces
  2626 | D:4      | Noticed an ogre
  2634 | D:4      | Killed an ogre
  2635 | D:4      | Reached skill level 3 in Dodging
  2758 | D:4      | Noticed a black bear
  2772 | D:4      | Killed a black bear
  2773 | D:4      | Reached skill level 5 in Long Blades
  2773 | D:4      | Reached skill level 3 in Armour
  2773 | D:4      | Reached XP level 6. HP: 41/49 MP: 6/6
  2804 | D:4      | Noticed nago's ghost (novice DjWn)
  2806 | D:4      | Noticed a water moccasin
  2930 | D:5      | Entered Level 5 of the Dungeon
  3202 | D:4      | Killed a black bear
  3203 | D:4      | Reached XP level 7. HP: 53/55 MP: 7/7
  3227 | D:4      | Found a runed translucent gate.
  3227 | D:4      | Found a runed translucent gate.
  3227 | D:4      | Found a runed translucent gate.
  3426 | D:4      | Noticed Menkaure
  3444 | D:4      | Killed Menkaure
  3445 | D:4      | Reached skill level 6 in Long Blades
  3445 | D:4      | Reached skill level 4 in Dodging
  3739 | D:4      | Reached skill level 5 in Fighting
  3925 | D:5      | Noticed Eustachio
  3954 | D:5      | Killed Eustachio
  4092 | D:5      | Noticed Duvessa
  4100 | D:5      | Noticed Dowan
  4101 | D:5      | Killed Duvessa
  4102 | D:5      | Reached skill level 7 in Long Blades
  4102 | D:5      | Reached skill level 5 in Dodging
  4102 | D:5      | Reached XP level 8. HP: 62/62 MP: 8/8
  4155 | D:5      | Killed Dowan
  4452 | D:5      | Noticed Sigmund
  4473 | D:5      | Killed Sigmund
  4474 | D:5      | Reached skill level 8 in Long Blades
  4474 | D:5      | Reached skill level 1 in Throwing
  4474 | D:5      | Reached skill level 4 in Armour
  4497 | D:5      | Noticed Pikel
  4604 | D:4      | HP: 3/64 [Pikel/+1 whip of electrocution (12)]
  4604 | D:4      | Slain by Pikel

Illustrated notes

Levels and vault maps discovered:
D:1:      dpeg_arrival_castle, layout_basic
D:2:      layout_basic, serial_shops, shop, nicolae_shop_waterfront, shop, shop,
          nrook_mini_backslash, minmay_vboxes
D:3:      layout_basic, elyvilon_altar_4
D:4:      layout_loops_ring, gammafunk_ghost_split, uniq_menkaure
D:5:      layout_loops_cross, serial_shops, nicolae_shop_rolled_up, uniq_pikel,
          uniq_sigmund, uniq_duvessa, uniq_eustachio

Skill      XL: |  1  2  3  4  5  6  7  8 |
---------------+-------------------------+-----
Long Blades    | 3 4 5 7 8 |  8.0
Dodging        | 1 2 3 5 |  5.7
Fighting       | 4 5 |  5.8
Armour         | 3 4 |  4.0
Throwing       | 1 |  1.0
Shields        | |  3.0

Action                     |  1- 3 |  4- 6 |  7- 9 || total
---------------------------+-------+-------+-------++-------
  Melee: Long sword        |   115 |   138 |   190 ||   443
         Tailslap          |     1 |       |       ||     1
  Throw: Dart              |       |    15 |    14 ||    29
         Boomerang         |       |       |     2 ||     2
    Use: Scroll            |       |     7 |       ||     7
         Potion            |       |       |     2 ||     2
 Armour: Scale mail        |    51 |    84 |   121 ||   256
  Dodge: Dodged            |    63 |    83 |   106 ||   252
  Block: Buckler           |    32 |    19 |       ||    51
         Kite shield       |       |    27 |   110 ||   137

Table legend: (Time is in decaauts)
 A = Elapsed time spent in this place.
 B = Non-inter-level travel time spent in this place.
 C = Inter-level travel time spent in this place.
 D = Time resting spent in this place.
 E = Time spent auto-exploring this place.
 F = Levels seen in this place.
 G = Mean time per level.
                   A        B        C        D        E       F      G
               +--------+--------+--------+--------+--------+-----+--------+
         Total |   4706 |   4377 |    329 |    796 |   2416 |   5 |  941.2 |
       Dungeon |   4706 |   4377 |    329 |    796 |   2416 |   5 |  941.2 |
               +--------+--------+--------+--------+--------+-----+--------+

Top non-repeatable levels by time:
     D:4: 1091 daAuts
     D:2: 1080 daAuts
     D:3: 902 daAuts
     D:5: 898 daAuts
     D:1: 734 daAuts
